 Dungeon Crawl Stone Soup version 0.30.1-11-g7821555f0a (webtiles) character file.

Game seed: 11583275205573759637

1938386 bimbombam the Conqueror (level 27, 247/247 HPs)
             Began as a Minotaur Fighter on Dec 31, 2023.
             Was a High Priest of Okawaru.
             Escaped with the Orb
             ... and 3 runes on Jan 1, 2024!
             The game lasted 03:30:13 (53211 turns).

bimbombam the Conqueror (Minotaur Fighter)         Turns: 53211, Time: 03:30:14

Health: 247/247    AC: 41    Str: 39    XL:     27
Magic:  33/33      EV: 35    Int:  9    God:    Okawaru [*****.]
Gold:   4886       SH: 25    Dex: 37    Spells: 26/26 levels left

rFire   + + +        z - +9 demon whip (venom)
rCold   + + +        g - +2 shield of Resistance {rF++ rC++ Will++}
rNeg    + . .        e - +5 chain mail "Suopte Xiuj" {Regen+ Str+8}
rPois   +            P - +2 hat {Will+}
rElec   .            k - +0 cloak of the Game of Kings {Str+7}
rCorr   .            F - +1 pair of gloves "Porum" {rF+}
SInv    .            Z - +4 pair of boots "Hainunak" {+Inv rF+ Dex+3}
Will    +++++        I - amulet of Thoughtfulness {Spirit Dex+5 Slay+3} Stlth
                     K - ring "Yruym" {rPois rC++ Will+ Dex+6}
HPRegen 2.21/turn    h - ring of the Octopus King {rN+ HP+2 AC+2 EV+2 SH+2}
MPRegen 0.23/turn

%: guardian spirit
@: no status effects
A: horns 2, retaliatory headbutt, iridescent scales 2, agile 2, clever 1,
deterioration 1, frail 1, regeneration 1, teleportitis 1, evolution 1, no potion
heal 1, subdued magic 1, inability to drink after injury 1, inability to read
after injury 1
0: Orb of Zot
}: 3/15 runes: barnacled, silver, gossamer
a: Renounce Religion, Evoke Invisibility, Heroism, Finesse, Duel


You escaped.
You worshipped Okawaru.
Okawaru was extremely pleased with you.
You visited 9 branches of the dungeon, and saw 47 of its levels.
You also visited: Bailey, Ice Cave and Wizlab.

You collected 10166 gold pieces.
You spent 5280 gold pieces at shops.

Inventory:

Hand Weapons
 z - a +9 demon whip of venom (weapon)
 M - a +9 eveningstar of flaming
Missiles
 f - 12 atropa-tipped darts
 n - 6 datura-tipped darts (quivered)
 y - 14 throwing nets
 H - 13 curare-tipped darts
 R - 8 boomerangs of dispersal
 U - 14 javelins
Armour
 e - the +5 chain mail "Suopte Xiuj" (worn) {Regen+ Str+8}
   (Okawaru gifted it to you on level 4 of the Vaults)

   Str:       It affects your strength (+8).
   Regen:     It increases your rate of health regeneration.
 g - the +2 shield of Resistance (worn) {rF++ rC++ Will++}
   (You found it on level 5 of the Lair of Beasts)

   rF:        It greatly protects you from fire.
   rC:        It greatly protects you from cold.
   Will:      It greatly increases your willpower.
 k - the +0 cloak of the Game of Kings (worn) {Str+7}
   (You found it in a wizard's laboratory)

   Str:       It affects your strength (+7).
 x - the +0 tower shield "Sighach" {Fly rPois rCorr Int-3}
   (You acquired it on level 4 of the Shoals)

   Int:       It affects your intelligence (-3).
   rPois:     It protects you from poison.
   Fly:       It grants you flight.
   rCorr:     It protects you from acid and corrosion.
 E - the +3 tower shield "Jahuchoj" {rElec SInv}
   (You acquired it in a bailey)

   rElec:     It insulates you from electricity.
   SInv:      It lets you see invisible.
 F - the +1 pair of gloves "Porum" (worn) {rF+}
   (Okawaru gifted it to you on level 15 of the Dungeon)

   rF:        It protects you from fire.
 P - a +2 hat of willpower (worn)
 Z - the +4 pair of boots "Hainunak" (worn) {+Inv rF+ Dex+3}
   (You acquired it on level 3 of the Elven Halls)

   Dex:       It affects your dexterity (+3).
   rF:        It protects you from fire.
   +Inv:      It lets you turn invisible.
Jewellery
 h - a ring of the Octopus King (right hand) {rN+ HP+2 AC+2 EV+2 SH+2}
   (You found it on level 5 of the Lair of Beasts)

   [ring of positive energy]

   AC:        It affects your AC (+2).
   EV:        It affects your evasion (+2).
   rN:        It protects you from negative energy.
   HP:        It affects your health (+2).
   SH:        It affects your SH (+2).
 I - the amulet of Thoughtfulness (around neck) {Spirit Dex+5 Slay+3}
   (You bought it in a shop on level 3 of the Elven Halls)

   [amulet of guardian spirit]

   It causes incoming damage to be divided between your reserves of health and
   magic.
   Dex:       It affects your dexterity (+5).
   Slay:      It affects your accuracy & damage with ranged weapons and melee
   (+3).
 J - the amulet "Sineeg" {Regen+ Int+3 Stlth+}
   (You found it on level 3 of the Depths)

   [amulet of regeneration]

   Int:       It affects your intelligence (+3).
   Regen:     It increases your rate of health regeneration.
   Stlth:     It makes you more stealthy.
 K - the ring "Yruym" (left hand) {rPois rC++ Will+ Dex+6}
   (You bought it in a shop on level 4 of the Dungeon)

   [ring of dexterity]

   Dex:       It affects your dexterity (+6).
   rC:        It greatly protects you from cold.
   rPois:     It protects you from poison.
   Will:      It increases your willpower.
 V - the ring "Xoropren" {rN++ EV+5 Int+4}
   (You took it off a deep elf high priest on level 5 of the Vaults)

   [ring of evasion]

   EV:        It affects your evasion (+5).
   Int:       It affects your intelligence (+4).
   rN:        It greatly protects you from negative energy.
 Y - the ring of Ewiuxt {Will- rCorr Int+3 SInv}
   (You took it off a deep elf archer on level 5 of the Vaults)

   [ring of resist corrosion]

   Int:       It affects your intelligence (+3).
   SInv:      It lets you see invisible.
   rCorr:     It protects you from acid and corrosion.
   Will:      It decreases your willpower.
Wands
 o - a wand of polymorph (31)
 s - a wand of iceblast (77)
 t - a wand of digging (12)
 C - a wand of light (27)
 N - a wand of mindburst (48)
 S - a wand of flame (61)
Scrolls
 a - 4 scrolls of amnesia
 b - a scroll of poison
 j - 7 scrolls of fear
 l - 12 scrolls of fog
 q - 15 scrolls of blinking
 r - 20 scrolls of teleportation
 v - 9 scrolls of enchant armour
 w - 7 scrolls of magic mapping
 O - a scroll of brand weapon
 W - 2 scrolls of silence
 X - 2 scrolls of immolation
Potions
 c - 6 potions of cancellation
 d - 5 potions of might
 i - 21 potions of curing
 m - 7 potions of resistance
 p - 11 potions of flight
 u - 5 potions of attraction
 A - 6 potions of ambrosia
 B - 9 potions of heal wounds
 D - 5 potions of invisibility
 G - 8 potions of lignification
 L - 6 potions of mutation
 T - 9 potions of haste


   Skills:
 O Level 27 Fighting
 O Level 27 Maces & Flails
 - Level 3.7 Throwing
 + Level 25.0 Armour
 + Level 18.4 Dodging
 - Level 23.6 Shields
 * Level 14.7 Invocations


You had 26 spell levels left.
You didn't know any spells.
Your spell library contained the following spells:

 Spells                   Type           Power      Damage    Failure   Level
 Beastly Appendage        Tmut           0%         N/A       54%         1
 Freeze                   Ice            0%         1d3       54%         1
 Kiss of Death            Conj/Necr      0%         2d5       54%         1
 Sandblast                Erth           0%         2d4       54%         1
 Blink                    Tloc           0%         N/A       69%         2
 Passwall                 Tmut/Erth      0%         N/A       69%         2
 Poisonous Vapours        Pois/Air       0%         N/A       69%         2
 Sublimation of Blood     Necr           0%         N/A       69%         2
 Wereblood                Tmut           0%         N/A       69%         2
 Confusing Touch          Hex            0%         N/A       89%         3
 Frozen Ramparts          Ice            0%         1d1       89%         3
 Gell's Gravitas          Tloc           0%         N/A       89%         3
 Hailstorm                Conj/Ice       0%         3d3       89%         3
 Ignite Poison            Fire/Tmut/Pois 0%         N/A       89%         3
 Inner Flame              Hex/Fire       0%         N/A       89%         3
 Mephitic Cloud           Conj/Pois/Air  0%         N/A       89%         3
 Spider Form              Tmut/Pois      0%         N/A       89%         3
 Stone Arrow              Conj/Erth      0%         3d7       89%         3
 Vhi's Electric Charge    Tloc/Air       0%         N/A       89%         3
 Volatile Blastmotes      Fire/Tloc      0%         2d10      89%         3
 Cause Fear               Hex            0%         N/A       100%        4
 Dispel Undead            Necr           0%         3d6       100%        4
 Flame Wave               Conj/Fire      0%         2d4       100%        4
 Ice Form                 Ice/Tmut       0%         N/A       100%        4
 Iskenderun's Mystic Bla  Conj/Tloc      0%         2d3       100%        4
 Leda's Liquefaction      Hex/Erth       0%         N/A       100%        4
 Manifold Assault         Tloc           0%         N/A       100%        4
 Passage of Golubria      Tloc           0%         N/A       100%        4
 Petrify                  Tmut/Erth      0%         N/A       100%        4
 Sticky Flame             Conj/Fire      0%         2d3       100%        4
 Agony                    Necr           0%         N/A       100%        5
 Alistair's Intoxication  Tmut/Pois      0%         N/A       100%        5
 Arcjolt                  Conj/Air       0%         1d10      100%        5
 Blade Hands              Tmut           0%         N/A       100%        5
 Borgnjor's Vile Clutch   Necr/Erth      0%         N/A       100%        5
 Freezing Cloud           Conj/Ice/Air   0%         6-21      100%        5
 Irradiate                Conj/Tmut      0%         3d11      100%        5
 Lee's Rapid Deconstruct  Erth           0%         3d4*      100%        5
 Metabolic Englaciation   Hex/Ice        0%         N/A       100%        5
 Yara's Violent Unravell  Hex/Tmut       0%         3d3       100%        5
 Conjure Ball Lightning   Conj/Air       0%         3x3d6     100%        6
 Dispersal                Tloc           0%         N/A       100%        6
 Eringya's Noxious Bog    Tmut/Pois      0%         N/A       100%        6
 Plasma Beam              Fire/Air       0%         2x1d11    100%        6
 Statue Form              Tmut/Erth      0%         N/A       100%        6
 Dragon Form              Tmut           0%         N/A       100%        7
 Enfeeble                 Hex            0%         N/A       100%        7
 Orb of Destruction       Conj           0%         9d5       100%        7
 Ozocubu's Refrigeration  Ice            0%         4d7       100%        7
 Storm Form               Tmut/Air       0%         N/A       100%        7
 Discord                  Hex            0%         N/A       100%        8
 Disjunction              Tloc           0%         N/A       100%        8
 Lehudib's Crystal Spear  Conj/Erth      0%         10d2      100%        8
 Necromutation            Tmut/Necr      0%         N/A       100%        8
 Polar Vortex             Ice            0%         N/A       100%        9
 Tukima's Dance           Hex            Unusable   N/A       N/A         3
 Animate Armour           Summ/Erth      Unusable   N/A       N/A         4
 Summon Ice Beast         Ice/Summ       Unusable   N/A       N/A         4
 Summon Forest            Summ/Tloc      Unusable   N/A       N/A         5
 Simulacrum               Ice/Necr       Unusable   N/A       N/A         6
 Malign Gateway           Summ/Tloc      Unusable   N/A       N/A         7
 Spellforged Servitor     Conj/Summ      Unusable   N/A       N/A         7
 Summon Hydra             Summ           Unusable   N/A       N/A         7
 Dragon's Call            Summ           Unusable   N/A       N/A         9

Dungeon Overview and Level Annotations

Branches:
Dungeon (15/15)            Temple (0/1) D:6            Lair (5/5) D:10
 Shoals (4/4) Lair:3       Spider (4/4) Lair:2        Slime (0/5) Lair:4
    Orc (2/2) D:12            Elf (3/3) Orc:2        Vaults (5/5) D:14
  Crypt (0/3) Vaults:2     Depths (4/4) D:15            Zot (5/5) Depths:4
 Bailey (visited)           IceCv (visited)          WizLab (visited)

Altars:
Cheibriados
Dithmenos
Kikubaaqudgha
Makhleb
Nemelex Xobeh
Okawaru
Sif Muna
Uskayaw
Vehumet
Wu Jian
Xom
Yredelemnul
Zin

Shops:
D:4 =[[?   D:5 (   D:8 [   D:13 (   D:14 ?   Orc:1 **   Orc:2 =((*:   Elf:2 *
Elf:3 !(??(=   Vaults:1 [   Vaults:3 (   Depths:4 [!*

Portals:
Hell: Depths:1 Depths:2 Depths:3 Depths:4
Abyss: Depths:1 Depths:3
Pandemonium: Depths:2 Depths:3
Ziggurat: Depths:1

Annotations:
Zot:2 2 transporters


Innate Abilities, Weirdness & Mutations

You have a pair of horns on your head.
You reflexively headbutt those who attack you in melee.
You are mostly covered in iridescent scales. (AC +4)
You are very agile. (Dex +8, Str/Int -2)
Your mind is acute. (Int +4, Str/Dex -1)
Your body sometimes deteriorates upon taking damage.
You are frail. (-10% HP)
Your natural rate of healing is unusually fast.
You are occasionally teleported next to monsters.
You have hidden genetic potential.
Potions are less effective at restoring your health.
Your spells are a little easier to cast, but a little less powerful.
You occasionally lose the ability to drink potions when taking damage.
You occasionally lose the ability to read scrolls when taking damage.


Message History

You closely miss the Executioner. You headbutt the Executioner.
The Executioner is lightly wounded.
You block the Executioner's attack. x3
You thrash the Executioner!!
The Executioner is heavily wounded.
You block the Executioner's attack. The Executioner misses you.
You block the Executioner's attack.
You punish the Executioner, causing immense pain!!!
You kill the Executioner!
Okawaru accepts your kill.
No target in view!
An Executioner and 2 large abominations come into view.
You thrash the large abomination!!
Your headbutt misses the large abomination.
The large abomination is severely damaged.
You thrash the large abomination!!
You destroy the large abomination!
Okawaru accepts your kill.
You punish the Executioner, causing immense pain!!!
You headbutt the Executioner!
You kill the Executioner!
Okawaru accepts your kill.
You barely miss the large abomination. You headbutt the large abomination!!
The large abomination is moderately damaged.
You block the large abomination's attack.
You barely miss the large abomination.
Your headbutt misses the large abomination.
The large abomination is moderately damaged.
You hit the large abomination but do no damage.
You headbutt the large abomination!!
The large abomination is almost destroyed.
You whack the large abomination!
You destroy the large abomination!
Okawaru accepts your kill.
No target in view!
No target in view!
A sun demon comes into view.
The sun demon moves out of view.
There is a staircase leading out of the dungeon here.
You have escaped!

......#..##.............#
......#..##.######....###
##.####..#### ####.# #..#
####8#### #.# #####
#.#####.......## #.# #...)
#...##.#######.## #.#######.###
...##.##....8#.8# #.#..........
#..#.##.###.##.######.#.#########
...#.#..#8#.#.##@#..#.3..# ...P
#.##.#.#....#.#..#..#.#### #..P##
#.#8.#.#.#8#..#.##..#.# #####
..##.#.#.###.##.#..##.#
#..#.#.##...##.##.....# #######
#..#.##.#####.##.#.#### #.....#
##.##.##.....##.##.########.###.#
...>##.#######.##.............#.#
.#...##.......###.#########.#.#.#


There were no monsters in sight!

Vanquished Creatures
  A seraph (D:10)
  3 dread liches (Zot:5)
  2 orbs of fire
  An ancient lich (Vaults:5)
  5 juggernauts
  Parghit (Zot:2)
  Margery (Vaults:4)
  2 caustic shrikes
  2 curse toes (Zot:5)
  6 Killer Klowns (Zot:5)
  18 golden dragons
  Jory (Depths:3)
  A bone dragon (Vaults:2)
  An electric golem (Zot:5)
  3 walking crystal tomes
  6 liches
  13 tentacled monstrosities
  Mlioglotl (Shoals:4)
  4 deep elf blademasters
  4 titans
  25 Orb Guardians
  A quicksilver dragon (shapeshifter) (Vaults:5)
  2 deep elf master archers (Elf:3)
  A walking earthen tome (Depths:3)
  A walking divine tome (Depths:3)
  5 krakens
  Frances (D:14)
  5 Executioners
  9 quicksilver dragons
  5 death cobs
  8 sphinxes
  An eldritch tentacle (WizLab)
  Gastronok (D:10)
  Kirke (Shoals:2)
  7 tengu reavers
  12 storm dragons
  15 shadow dragons
  A daeva (D:10)
  Ilsuiw (Shoals:2)
  The ghost of ioannis32 the Blocker, an adept DsBe of Trog (Elf:3)
  8 draconian monks
  13 fire giants
  11 frost giants
  A draconian knight (Zot:5)
  5 draconian scorchers
  3 emperor scorpions (Spider:4)
  5 deep elf sorcerers
  15 vault wardens
  2 iron dragons
  8 ghost moths
  Louise (Spider:4)
  A draconian stormcaller (Zot:5)
  4 deep elf elementalists (Elf:3)
  4 draconian shifters
  8 draconian annihilators
  2 orc warlords
  14 ironbound preservers
  A juggernaut skeleton (Depths:3)
  6 broodmothers
  4 spriggan defenders
  3 war gargoyles
  3 deep elf demonologists (Elf:3)
  10 green draconians
  33 very ugly things
  A vampire knight (Depths:2)
  20 stone giants
  8 ironbound thunderhulks
  A lorocyproca (Depths:2)
  4 dire elephants
  8 deep elf annihilators
  5 yellow draconians
  4 spark wasps
  10 red draconians
  9 black draconians
  6 purple draconians
  16 white draconians
  6 deep elf death magi
  2 merfolk javelineers
  3 jiangshi (Depths:3)
  A green death (Depths:3)
  5 crystal guardians
  6 fire dragons
  8 ettins
  8 yaktaur captains
  A great orb of eyes (shapeshifter) (Depths:2)
  9 merfolk impalers
  5 entropy weavers
  10 deep elf high priests
  Harold (D:10)
  2 peacekeepers
  33 vault guards
  7 hydras
  6 great orbs of eyes
  6 spriggan air magi
  Erolcha (D:9)
  5 ogre magi
  3 ice dragons
  A merfolk avatar (Lair:5)
  11 ironbound frosthearts
  An alligator snapping turtle (Shoals:4)
  5 boulder beetles
  2 catoblepae
  5 radroaches
  Erica (D:11)
  26 dancing weapons
  An anaconda (shapeshifter) (Vaults:5)
  6 two-headed ogres
  18 centaur warriors
  8 deep troll earth magi
  2 vampire magi
  11 deep troll shamans
  7 death yaks
  5 merfolk aquamancers (Shoals:4)
  2 satyrs (Shoals:3)
  An orc high priest (Orc:2)
  6 tengu warriors
  3 thrashing horrors (WizLab)
  A soul eater (Depths:1)
  Urug (D:14)
  6 spriggan berserkers
  A shock serpent (shapeshifter) (Vaults:2)
  A skyshark (shapeshifter) (Vaults:5)
  Sonja (D:11)
  11 hell knights
  9 deep elf knights
  4 sun moths
  The ghost of MatrixGlitch the Destroyer, a novice DrCj of Vehumet (D:7)
  5 sixfirhies
  7 pharaoh ants
  4 skeletal warriors (D:11)
  9 iron trolls
  5 skysharks
  A death drake (Depths:4)
  14 sea snakes
  53 deep trolls
  4 glowing orange brains
  6 phantasmal warriors
  A death drake (shapeshifter) (Depths:3)
  An obsidian statue (WizLab)
  A flayed ghost (Depths:1)
  15 ironbound convokers
  9 deep elf archers
  12 orb spiders
  22 deep elf zephyrmancers
  A shadow demon (Depths:1)
  9 necromancers
  9 lindwurms
  40 harpies
  2 orange crystal statues
  10 wizards
  A wolf spider (shapeshifter) (Depths:3)
  9 steelbarb worms
  12 orc knights
  2 orc sorcerers
  16 wolf spiders
  32 deep elf pyromancers
  An iron dragon zombie (Depths:1)
  7 cyclopes
  A tengu skeleton (Depths:3)
  16 manticores
  39 ugly things
  8 fauns
  19 moths of wrath
  6 merfolk sirens
  A guardian serpent (D:15)
  6 rust devils
  8 elephants
  An ice statue (IceCv)
  4 black mambas
  A sphinx skeleton (Depths:3)
  An apocalypse crab (WizLab)
  3 black mambas (shapeshifter)
  2 gargoyles
  Maurice (Orc:2)
  7 demonic crawlers
  2 water nymphs
  15 vault sentinels
  4 smoke demons
  4 torpor snails
  An unseen horror (shapeshifter) (D:13)
  An unseen horror zombie (D:7)
  9 komodo dragons
  A yaktaur (shapeshifter) (Depths:3)
  A tengu conjurer (Depths:4)
  3 unseen horrors
  2 kobold demonologists
  13 cane toads
  14 yaktaurs
  5 rime drakes
  2 ice devils
  2 tormentors
  3 red devils
  9 meliai
  4 wind drakes
  28 merfolk
  7 trolls
  A merfolk (shapeshifter) (Vaults:1)
  9 polar bears
  3 hellwings
  A shadow dragon simulacrum (Depths:1)
  A yaktaur skeleton (WizLab)
  12 hornets
  Prince Ribbit (D:5)
  16 tarantellas
  12 blink frogs
  A raiju (WizLab)
  8 snapping turtles
  29 slime creatures
  11 dream sheep
  A dream sheep (shapeshifter) (Depths:3)
  20 jumping spiders
  20 culicivoras
  A centaur simulacrum (D:14)
  2 ynoxinuls
  14 water elementals
  8 wyverns
  An ettin skeleton (Depths:1)
  5 air elementals
  7 spriggans (Depths:2)
  18 humans
  3 chaos spawn
  85 yaks
  3 fire elementals
  5 hogs (Shoals:2)
  4 basilisks
  15 vampire mosquitoes
  6 large abominations
  Grum (D:11)
  45 redbacks
  2 neqoxecs (Depths:2)
  3 small abominations (WizLab)
  4 steam dragons
  2 wargs (Orc:2)
  5 spatial vortices (WizLab)
  21 water moccasins
  A glowing shapeshifter zombie (Depths:3)
  3 hell hounds (D:4)
  5 acid dragons
  3 floating eyes
  2 black bears
  42 orc warriors
  4 ice beasts
  2 sky beasts
  7 ogres
  A sky beast (shapeshifter) (Vaults:5)
  5 boggarts
  35 wolves
  16 centaurs
  5 phantoms
  2 kobold brigands
  A gnoll sergeant (D:7)
  5 earth elementals
  7 bullfrogs
  2 scorpions (D:5)
  2 glowing shapeshifter simulacra
  13 wights
  5 killer bees (D:8)
  12 electric eels
  4 howler monkeys (D:9)
  A centaur zombie (D:7)
  5 hounds
  6 jellies
  2 gnoll boudas
  14 orc priests
  2 sleepcaps
  Jessica (D:3)
  5 iguanas
  14 orc wizards
  A mummy (D:4)
  8 adders
  10 gnolls
  A shadow imp (D:7)
  3 white imps
  4 ufetubi
  3 worms
  3 dart slugs
  75 orcs
  2 bats
  5 endoplasms
  2 giant cockroaches
  14 goblins
  17 hobgoblins
  2 jackals (D:4)
  2 quokkas (D:1)
  8 ball pythons
  2 frilled lizards
  15 kobolds
  7 rats
  15 tentacles
2135 creatures vanquished.

Vanquished Creatures (others)
  A lich (Depths:2)
  2 deep elf zephyrmancers
  A deep elf pyromancer (Elf:3)
  A moth of wrath (Zot:1)
  A vault sentinel (Vaults:5)
  Sigmund (D:5)
  An air elemental (Elf:1)
  An orc wizard (D:11)
  An orc (D:12)
  2 spectral weapons (Lair:5)
  23 tentacles
35 creatures vanquished.

Grand Total: 2170 creatures vanquished

Notes
Turn   | Place    | Note
-------+----------+-------------------------------------------
     0 | D:1      | bimbombam the Minotaur Fighter began the quest for the Orb.
     0 | D:1      | Reached XP level 1. HP: 19/19 MP: 0/0
   218 | D:1      | Found a faded altar of an unknown god.
   286 | D:1      | Reached XP level 2. HP: 25/26 MP: 1/1
   981 | D:2      | Reached XP level 3. HP: 19/31 MP: 2/2
  1206 | D:2      | Reached skill level 5 in Maces & Flails
  1426 | D:3      | Noticed Jessica
  1428 | D:3      | Killed Jessica
  1429 | D:3      | Reached XP level 4. HP: 28/39 MP: 3/3
  1891 | D:3      | Identified the +1 plate armour of the Mauling Gods {rN+
                  | Str+2}
  2138 | D:4      | Found Leqowoq's Armour Boutique.
  2147 | D:4      | Bought a +0 cloak of poison resistance for 102 gold pieces
  2223 | D:4      | Reached XP level 5. HP: 11/45 MP: 4/4
  2231 | D:4      | HP: 1/45 [iguana (4)]
  2414 | D:4      | Found Plog's Jewellery Boutique.
  2457 | D:4      | Found Cyosi's Armour Shoppe.
  2636 | D:4      | Found a snail-covered altar of Cheibriados.
  2830 | D:4      | Found Rev Loush's Magic Scroll Shoppe.
  2840 | D:4      | Bought a scroll of blinking for 105 gold pieces
  2840 | D:4      | Bought a scroll of teleportation for 42 gold pieces
  2917 | D:5      | Entered Level 5 of the Dungeon
  2925 | D:5      | Reached XP level 6. HP: 51/51 MP: 5/5
  2971 | D:5      | Found Niaki's Weapon Shoppe.
  3065 | D:5      | Noticed Sigmund
  3074 | D:5      | Killed Sigmund
  3123 | D:5      | Found an ancient bone altar of Kikubaaqudgha.
  3166 | D:5      | Found a burning altar of Makhleb.
  3168 | D:5      | Found an iron altar of Okawaru.
  3567 | D:5      | Noticed Prince Ribbit
  3567 | D:5      | Noticed an ice beast
  3580 | D:5      | Killed Prince Ribbit
  3581 | D:5      | Reached XP level 7. HP: 28/60 MP: 6/6
  3585 | D:5      | Reached skill level 5 in Armour
  3839 | D:5      | Reached XP level 8. HP: 40/67 MP: 7/7
  3934 | D:5      | Identified the +4 hand axe of Xoemuise {antimagic, rF+
                  | Int+5}
  3957 | D:5      | Reached skill level 5 in Fighting
  3957 | D:5      | Reached skill level 10 in Maces & Flails
  4962 | D:6      | Found a staircase to the Ecumenical Temple.
  5010 | D:6      | Reached XP level 9. HP: 75/75 MP: 8/8
  6051 | D:5      | Found a shimmering blue altar of Sif Muna.
  6051 | D:5      | Found a hide-covered altar of Uskayaw.
  6054 | D:5      | Found a shadowy altar of Dithmenos.
  6064 | D:5      | Became a worshipper of Warmaster Okawaru
  6685 | D:7      | Reached * piety under Okawaru
  6700 | D:7      | Found a runed translucent gate.
  6700 | D:7      | Found a runed translucent gate.
  6700 | D:7      | Found a runed translucent gate.
  6700 | D:7      | Noticed MatrixGlitch's ghost (novice DrCj)
  6703 | D:7      | Found a basalt altar of Yredelemnul.
  6707 | D:7      | Reached skill level 5 in Shields
  6798 | D:7      | Killed MatrixGlitch's ghost
  6799 | D:7      | Reached XP level 10. HP: 49/86 MP: 7/9
  7081 | D:8      | Found a flagged portal.
  7130 | Bailey   | Entered a bailey
  7308 | Bailey   | Noticed an orc knight
  7328 | Bailey   | Killed an orc knight
  7328 | Bailey   | Reached ** piety under Okawaru
  7329 | Bailey   | Reached skill level 10 in Armour
  7833 | Bailey   | Found an iron altar of Okawaru.
  7841 | Bailey   | Identified the +7 spear of the Turnip {chaos, rElec}
  7841 | Bailey   | Noticed an orc sorcerer
  7852 | Bailey   | Noticed a sun demon
  8118 | Bailey   | Acquired the +3 tower shield "Jahuchoj" {rElec SInv}
  8132 | Bailey   | Acquired 919 gold pieces
  8198 | Bailey   | Noticed an orange demon
  8201 | Bailey   | Noticed a rust devil
  8201 | Bailey   | Killed an orc sorcerer
  8490 | D:8      | Found Qoefaj's Armour Shop.
  8626 | D:8      | Found a sparkling altar of Nemelex Xobeh.
  9043 | D:4      | Bought an amulet of regeneration for 360 gold pieces
  9043 | D:4      | Bought the ring "Yruym" {rPois rC++ Will+ Dex+6} for 843
                  | gold pieces
  9294 | D:9      | Reached *** piety under Okawaru
  9320 | D:9      | Noticed Erolcha
  9329 | D:9      | Killed Erolcha
  9330 | D:9      | Reached XP level 11. HP: 95/95 MP: 7/10
  9484 | D:9      | Reached **** piety under Okawaru
  9693 | D:10     | Entered Level 10 of the Dungeon
  9693 | D:10     | Noticed an angel
  9693 | D:10     | Noticed Harold
  9693 | D:10     | Found a shimmering altar of Xom.
  9693 | D:10     | Found a glowing silver altar of Zin.
  9703 | D:10     | Killed Harold
  9719 | D:10     | Found a radiant altar of Vehumet.
  9787 | D:10     | Reached skill level 1 in Dodging
  9822 | D:10     | Found an ornate altar of the Wu Jian Council.
  9922 | D:10     | Reached ***** piety under Okawaru
  9929 | D:10     | Noticed Gastronok
  9981 | D:10     | Killed Gastronok
  9981 | D:10     | Identified the +3 quick blade of Jodumi {vamp, *Corrode rF+
                  | Will+ Str+3} (Okawaru gifted it to you on level 10 of the
                  | Dungeon)
  9981 | D:10     | Received a gift from Okawaru
  9982 | D:10     | Reached skill level 10 in Fighting
  9982 | D:10     | Reached skill level 15 in Maces & Flails
 10045 | D:10     | Found a staircase to the Lair.
 10620 | Lair:1   | Entered Level 1 of the Lair of Beasts
 10775 | Lair:1   | Reached XP level 12. HP: 107/107 MP: 11/11
 10779 | Lair:1   | Reached skill level 10 in Shields
 11372 | Lair:2   | Received a gift from Okawaru
 11442 | Lair:2   | Found a hole to the Spider Nest.
 11467 | Lair:2   | Noticed a four-headed hydra
 11480 | Lair:2   | Killed a four-headed hydra
 11623 | Lair:2   | Found a basalt altar of Yredelemnul.
 11960 | Lair:2   | Received a gift from Okawaru
 12434 | Lair:3   | Reached XP level 13. HP: 118/118 MP: 12/12
 12439 | Lair:3   | Found a staircase to the Shoals.
 12975 | Lair:4   | Found a staircase to the Slime Pits.
 13285 | Lair:5   | Entered Level 5 of the Lair of Beasts
 13328 | Lair:5   | Noticed a dire elephant
 13379 | Lair:4   | Killed a dire elephant
 13379 | Lair:4   | Identified the +10 dire flail of the Firefly {spect, rN+}
                  | (Okawaru gifted it to you on level 4 of the Lair of Beasts)
 13379 | Lair:4   | Received a gift from Okawaru
 13785 | Lair:5   | Identified the +0 hat "Pikid" {Str+6} (Okawaru gifted it to
                  | you on level 5 of the Lair of Beasts)
 13785 | Lair:5   | Received a gift from Okawaru
 13786 | Lair:5   | Reached skill level 15 in Armour
 13903 | Lair:5   | Reached ****** piety under Okawaru
 13904 | Lair:5   | Reached skill level 15 in Fighting
 14059 | Lair:5   | Reached XP level 14. HP: 135/135 MP: 13/13
 14265 | Lair:5   | Found the +2 shield of Resistance {rF++ rC++ Will++}
 14297 | Lair:5   | Found the ring of the Octopus King
 14317 | Lair:5   | Identified a ring of the Octopus King {rN+ HP+2 AC+2 EV+2
                  | SH+2}
 14654 | D:11     | Noticed Grum
 14680 | D:11     | Killed Grum
 14789 | D:11     | Received a gift from Okawaru
 14819 | D:11     | Found a frozen archway.
 14851 | IceCv    | Entered an ice cave
 15069 | IceCv    | Noticed a frost giant
 15105 | IceCv    | Killed a frost giant
 15129 | IceCv    | Identified the +4 ring mail of the Blacksmith {Harm Int-3
                  | Dex-2 SInv}
 15389 | IceCv    | Reached skill level 1 in Invocations
 15952 | D:11     | Noticed Erica
 15968 | D:11     | Killed Erica
 16084 | D:11     | Noticed Sonja
 16089 | D:11     | Killed Sonja
 16683 | D:12     | Found a staircase to the Orcish Mines.
 17008 | D:12     | Received a gift from Okawaru
 17125 | Orc:1    | Entered Level 1 of the Orcish Mines
 17304 | Orc:2    | Entered Level 2 of the Orcish Mines
 17592 | Orc:2    | Found Nunack's Jewellery Emporium.
 17619 | Orc:2    | Reached XP level 15. HP: 149/149 MP: 14/14
 17921 | Orc:2    | Found Tyhin's Weapon Shop.
 17921 | Orc:2    | Found Edyutux's General Store.
 17923 | Orc:2    | Found Watsuef's Book Emporium.
 17925 | Orc:2    | Found Medwek's Weapon Boutique.
 17930 | Orc:2    | Bought a scroll of identify for 28 gold pieces
 17949 | Orc:2    | Noticed Maurice
 17973 | Orc:2    | Killed Maurice
 18025 | Orc:2    | Found a staircase to the Elven Halls.
 18160 | Orc:1    | Found Gauh's Gadget Gallery.
 18218 | Orc:1    | Found Luroureh's Assorted Antiques.
 18508 | D:13     | Found Xotuny's Weapon Shop.
 18513 | D:13     | Bought a +0 demon whip of venom for 360 gold pieces
 18770 | D:13     | Identified the +6 flail "Lydos" {freeze, Fragile rF+ SInv}
                  | (Okawaru gifted it to you on level 13 of the Dungeon)
 18770 | D:13     | Received a gift from Okawaru
 18922 | D:13     | Reached XP level 16. HP: 159/159 MP: 14/18
 19418 | D:14     | Noticed Urug
 19418 | D:14     | Found a gate to the Vaults.
 19554 | D:14     | Killed Urug
 19762 | D:14     | Found Cephesim's Magic Scroll Shoppe.
 19770 | D:14     | Bought a scroll of teleportation for 45 gold pieces
 19770 | D:14     | Bought a scroll of enchant weapon for 112 gold pieces
 19770 | D:14     | Bought a scroll of blinking for 112 gold pieces
 19770 | D:14     | Bought a scroll of magic mapping for 112 gold pieces
 19969 | D:14     | Noticed Frances
 19981 | D:14     | Killed Frances
 20329 | D:15     | Entered Level 15 of the Dungeon
 20356 | D:15     | Identified the +1 pair of gloves "Porum" {rF+} (Okawaru
                  | gifted it to you on level 15 of the Dungeon)
 20356 | D:15     | Received a gift from Okawaru
 20417 | D:15     | Found a staircase to the Depths.
 20909 | D:15     | Found a shimmering blue altar of Sif Muna.
 21173 | D:15     | Reached skill level 5 in Dodging
 21173 | D:15     | Reached XP level 17. HP: 170/170 MP: 19/19
 21469 | Spider:1 | Entered Level 1 of the Spider Nest
 21480 | Spider:1 | Gained mutation: You occasionally lose the ability to drink
                  | potions when taking damage. [potion of mutation]
 21481 | Spider:1 | Lost mutation: You occasionally lose the ability to drink
                  | potions when taking damage. [potion of mutation]
 21481 | Spider:1 | Gained mutation: You occasionally lose the ability to read
                  | scrolls when taking damage. [potion of mutation]
 21482 | Spider:1 | Lost mutation: You occasionally lose the ability to read
                  | scrolls when taking damage. [potion of mutation]
 21482 | Spider:1 | Gained mutation: Your mind is acute. (Int +4, Str/Dex -1)
                  | [potion of mutation]
 21482 | Spider:1 | Gained mutation: You are partially covered in iridescent
                  | scales. (AC +2) [potion of mutation]
 21482 | Spider:1 | Gained mutation: You are agile. (Dex +4, Str/Int -1)
                  | [potion of mutation]
 21514 | Spider:1 | Reached XP level 18. HP: 178/178 MP: 19/22
 21634 | Spider:1 | Gained mutation: You occasionally lose the ability to drink
                  | potions when taking damage. [mutagenic glow]
 22139 | Spider:1 | Reached XP level 19. HP: 187/187 MP: 23/23
 23401 | Spider:2 | Received a gift from Okawaru
 24118 | Spider:3 | Identified the +10 flail of Liusaw {heavy, rF+ Dex+2}
 24142 | Spider:3 | Reached skill level 15 in Shields
 24551 | Spider:4 | Entered Level 4 of the Spider Nest
 25063 | Spider:4 | Noticed Louise
 25080 | Spider:4 | Received a gift from Okawaru
 25100 | Spider:4 | Killed Louise
 25462 | Spider:4 | Received a gift from Okawaru
 25668 | Spider:4 | Got a gossamer rune of Zot
 25761 | Spider:4 | Received a gift from Okawaru
 26075 | Elf:1    | Entered Level 1 of the Elven Halls
 26132 | Elf:1    | Paralysed by an air elemental for 1 turns
 26134 | Elf:1    | Paralysed by an air elemental for 1 turns
 26304 | Elf:1    | Paralysed by an air elemental for 1 turns
 26412 | Elf:1    | Found an ancient bone altar of Kikubaaqudgha.
 26631 | Elf:1    | Paralysed by an air elemental for 1 turns
 27242 | Elf:2    | Identified the +2 robe of Filth {Rampage +Inv Str-3 Dex+5}
 27366 | Elf:2    | Reached XP level 20. HP: 187/200 MP: 24/24
 27423 | Elf:2    | Paralysed by an air elemental for 1 turns
 27550 | Elf:2    | Found a runed translucent gate.
 27550 | Elf:2    | Found a runed translucent gate.
 27550 | Elf:2    | Found a runed translucent gate.
 27743 | Elf:2    | Found Qiunel's Assorted Antiques.
 27772 | Elf:2    | Bought a brightly glowing chain mail for 361 gold pieces
 27772 | Elf:2    | Identified the +6 chain mail "Keuwn" {Dex+2} (You bought it
                  | in a shop on level 2 of the Elven Halls)
 27777 | Elf:2    | Bought a scroll of blinking for 285 gold pieces
 28783 | Elf:3    | Entered Level 3 of the Elven Halls
 28977 | Elf:3    | Found Veoddiy's Magic Scroll Shop.
 28983 | Elf:3    | Found Leffaus's Magic Scroll Boutique.
 28985 | Elf:3    | Found Fatikluz's Weapon Shop.
 29065 | Elf:3    | Paralysed by an air elemental for 1 turns
 29074 | Elf:3    | Received a gift from Okawaru
 29118 | Elf:3    | Found Tytytich's Antique Weapon Boutique.
 29182 | Elf:3    | Found a runed translucent door.
 29548 | Elf:3    | Found Raodwuefyu's Jewellery Shoppe.
 29693 | Elf:3    | HP: 4/204 [deep elf high priest/damnation (32)]
 29931 | Elf:3    | Received a gift from Okawaru
 29986 | Elf:3    | Identified the ring of Mezul {Ice MP+9 Str+4}
 30116 | Elf:3    | Found Nipsoera's Distillery.
 30332 | Elf:3    | Identified the ring "Roqyvoer" {Fire rPois}
 30386 | Elf:3    | Identified the +1 long sword "Negotwit" {freeze, rElec
                  | Will+ Str+6 Int-4}
 30434 | Elf:3    | Identified the +9 quarterstaff "Pyschule" {drain, Dex+3}
 30484 | Elf:3    | Identified the staff of air "Nuoddapn" {Contam rElec rN+
                  | Int+2}
 30485 | Elf:3    | Identified the staff of poison "Bodygue" {rPois Will+ Int+4
                  | Dex-2}
 30554 | Elf:3    | Identified the staff of poison "Jiugong" {rElec rPois
                  | Dex+5}
 30645 | Elf:3    | Identified the +6 rapier of the Gazing Scavenger {drain,
                  | Will+}
 30653 | Elf:3    | Identified the staff of earth "Uxtut" {*Corrode Int+6}
 30787 | Elf:3    | Noticed ioannis32's ghost (adept DsBe)
 30814 | Elf:3    | Killed ioannis32's ghost
 30879 | Elf:3    | Bought a scroll of acquirement for 832 gold pieces
 30881 | Elf:3    | Acquired the +4 pair of boots "Hainunak" {+Inv rF+ Dex+3}
 30935 | Elf:3    | Bought the amulet of Thoughtfulness {Spirit Dex+5 Slay+3}
                  | for 781 gold pieces
 31146 | Vaults:1 | Entered Level 1 of the Vaults
 31259 | Vaults:1 | Noticed a golden dragon
 31311 | Vaults:1 | Killed a golden dragon
 31432 | Vaults:1 | Identified the +6 plate armour of Gaytt {rF+}
 31501 | Vaults:1 | Identified the +0 ring mail of the Prince of Darkness
                  | {Rampage rElec} (Okawaru gifted it to you on level 1 of the
                  | Vaults)
 31501 | Vaults:1 | Received a gift from Okawaru
 31837 | Vaults:1 | Reached XP level 21. HP: 211/211 MP: 25/25
 32316 | Vaults:1 | Found Xokou's Armour Emporium.
 33286 | Vaults:2 | Identified the +1 hand axe of Xiasoun {heavy, rF- Str+2
                  | SInv}
 33841 | Vaults:2 | Found a staircase to the Crypt.
 34314 | Vaults:3 | Received a gift from Okawaru
 35754 | Vaults:3 | Identified the +0 triple sword of Okawaru's Hatred {elec,
                  | rC+ Will+} (Okawaru gifted it to you on level 3 of the
                  | Vaults)
 35754 | Vaults:3 | Received a gift from Okawaru
 35917 | Vaults:3 | Found Dargho's Weapon Boutique.
 36121 | Vaults:4 | Reached XP level 22. HP: 222/222 MP: 26/26
 36391 | Vaults:4 | Noticed Margery
 36431 | Vaults:4 | Killed Margery
 36445 | Vaults:4 | Identified the +5 chain mail "Suopte Xiuj" {Regen+ Str+8}
                  | (Okawaru gifted it to you on level 4 of the Vaults)
 36445 | Vaults:4 | Received a gift from Okawaru
 37401 | Vaults:5 | Entered Level 5 of the Vaults
 37401 | Vaults:5 | Noticed an ancient lich
 37413 | Vaults:5 | Killed an ancient lich
 37427 | Vaults:5 | Noticed a golden dragon
 37452 | Vaults:4 | Killed a golden dragon
 37621 | Vaults:5 | Received a gift from Okawaru
 37639 | Vaults:5 | Noticed a golden dragon
 37739 | Vaults:5 | Received a gift from Okawaru
 37817 | Vaults:5 | Got Sif Muna's Codex of Flashy Venin
 38177 | Vaults:5 | Got a silver rune of Zot
 38183 | Vaults:5 | Identified the ring "Viarhuw" {rF+ rC+ Int+6}
 38306 | Vaults:5 | Killed a golden dragon
 38404 | Vaults:5 | Identified the ring "Xoropren" {rN++ EV+5 Int+4}
 38475 | Vaults:5 | Got the Omnibus of Congealing Mortification
 38755 | Vaults:5 | Reached XP level 23. HP: 225/234 MP: 23/27
 38796 | Vaults:5 | Identified the +8 short sword of Triumph {speed, *Slow
                  | rPois Str+2 SInv}
 38881 | Vaults:5 | Identified the ring of Ewiuxt {Will- rCorr Int+3 SInv}
 38883 | Vaults:5 | Received a gift from Okawaru
 38935 | Vaults:5 | Identified the +6 scale mail of Grace {Regen+ Dex+4}
 39031 | Vaults:5 | Found the +7 Kryia's mail coat {PotionHeal*2 rC+}
 39108 | Vaults:5 | Identified the staff of conjuration "Ycaycwo" {rPois rCorr}
 39672 | Shoals:1 | Entered Level 1 of the Shoals
 39822 | Shoals:1 | Received a gift from Okawaru
 40372 | Shoals:2 | Noticed Kirke
 40400 | Shoals:2 | Killed Kirke
 40654 | Shoals:2 | Noticed Ilsuiw
 40677 | Shoals:2 | Killed Ilsuiw
 41340 | Shoals:4 | Entered Level 4 of the Shoals
 41478 | Shoals:4 | Acquired the +0 tower shield "Sighach" {Fly rPois rCorr
                  | Int-3}
 41658 | Shoals:4 | Identified the +4 mace "Natsoaq" {heavy, *Slow Int+2 Dex+2
                  | Stlth+} (Okawaru gifted it to you on level 4 of the Shoals)
 41658 | Shoals:4 | Received a gift from Okawaru
 41825 | Shoals:4 | Noticed Mlioglotl
 41834 | Shoals:4 | Killed Mlioglotl
 42116 | Shoals:4 | Got a barnacled rune of Zot
 42926 | Depths:1 | Entered Level 1 of the Depths
 42926 | Depths:1 | Found a one-way gateway to a ziggurat.
 42967 | Depths:1 | Identified the +1 pair of boots of the Boiling Point {Int+3
                  | Dex+3} (Okawaru gifted it to you on level 1 of the Depths)
 42967 | Depths:1 | Received a gift from Okawaru
 42974 | Depths:1 | Found a gateway to Hell.
 42988 | Depths:1 | Found a one-way gate to the infinite horrors of the Abyss.
 43116 | Depths:1 | Found a magical portal.
 43127 | WizLab   | Entered The Roulette of Golubria
 43127 | WizLab   | Found a transporter.
 43132 | WizLab   | Found a corrupted altar of Lugonu.
 43172 | WizLab   | Found a transporter.
 43180 | WizLab   | Found a transporter.
 43194 | WizLab   | Found a corrupted altar of Lugonu.
 43195 | WizLab   | Found a transporter.
 43230 | WizLab   | Found the +2 cloak of the Thief {*Fog Slay-2 SInv Stlth+}
 43247 | WizLab   | Found a transporter.
 43288 | WizLab   | Found a transporter.
 43289 | WizLab   | Found a transporter.
 43386 | WizLab   | Found a transporter.
 43449 | WizLab   | Found a transporter.
 43456 | WizLab   | Found a transporter.
 43543 | WizLab   | Found a transporter.
 43543 | WizLab   | Found a transporter.
 43667 | WizLab   | Identified the +2 cloak of Autumn {rPois Str+5}
 43702 | WizLab   | Identified the +0 cloak of the Game of Kings {Str+7}
 43712 | WizLab   | Got Golubria's Discourse on Transposition
 43726 | WizLab   | Found a transporter.
 43755 | WizLab   | Found a transporter.
 43755 | WizLab   | Found a transporter.
 43772 | WizLab   | Got Modac's Compilation of Peregrination
 43781 | WizLab   | Found a transporter.
 43781 | WizLab   | Found a transporter.
 43858 | WizLab   | Found a transporter.
 43940 | WizLab   | Found a transporter.
 43940 | WizLab   | Found a transporter.
 44380 | Depths:1 | Reached XP level 24. HP: 245/247 MP: 28/28
 45094 | Depths:2 | Noticed a juggernaut
 45111 | Depths:2 | Killed a juggernaut
 45112 | Depths:2 | Reached skill level 27 in Fighting
 45162 | Depths:2 | Reached skill level 10 in Dodging
 45229 | Depths:2 | Identified the +0 plate armour of Itap {+Blink rC++}
                  | (Okawaru gifted it to you on level 2 of the Depths)
 45229 | Depths:2 | Received a gift from Okawaru
 45249 | Depths:2 | Identified the +1 plate armour "Leuc Hoss" {+Inv rCorr
                  | Dex-5 Stlth+}
 45258 | Depths:2 | Identified the +7 hand axe of the Ornamental God {flame,
                  | Int+4}
 45902 | Depths:2 | Gained mutation: You are weak. (Str -2) [a neqoxec]
 45918 | Depths:2 | Found a one-way gate leading to the halls of Pandemonium.
 46408 | Depths:3 | Noticed a juggernaut
 46418 | Depths:3 | Killed a juggernaut
 46578 | Depths:3 | Paralysed by a floating eye for 4 turns
 46592 | Depths:3 | Paralysed by a floating eye for 3 turns
 46610 | Depths:3 | Paralysed by a floating eye for 2 turns
 46628 | Depths:3 | Received a gift from Okawaru
 46662 | Depths:3 | Noticed a juggernaut
 46681 | Depths:3 | Killed a juggernaut
 46758 | Depths:3 | Reached XP level 25. HP: 234/257 MP: 27/28
 46825 | Depths:3 | Acquired 950 gold pieces
 46927 | Depths:3 | Noticed Jory
 46968 | Depths:3 | Killed Jory
 47055 | Depths:3 | Noticed a juggernaut
 47068 | Depths:3 | Killed a juggernaut
 47336 | Depths:3 | Found a runed translucent door.
 47615 | Depths:3 | Identified the ring of Beshraj {Ice *Slow rPois Will+
                  | rCorr}
 47634 | Depths:3 | Identified the +3 spear of Yplatuhu {spect, *Noise rPois
                  | rF+ Dex+2}
 47641 | Depths:3 | Identified the +9 plate armour of Patterns {+Inv}
 47653 | Depths:3 | Got Sabusur's Disquisition on Conjury
 47656 | Depths:3 | Identified the amulet "Sineeg" {Regen+ Int+3 Stlth+}
 47800 | Depths:4 | Entered Level 4 of the Depths
 47800 | Depths:4 | Found Gehett's Distillery.
 47859 | Depths:4 | Bought a potion of ambrosia for 128 gold pieces
 47859 | Depths:4 | Bought a potion of resistance for 160 gold pieces
 47859 | Depths:4 | Bought a potion of resistance for 160 gold pieces
 47859 | Depths:4 | Bought a potion of might for 64 gold pieces
 47859 | Depths:4 | Bought a potion of invisibility for 128 gold pieces
 47859 | Depths:4 | Bought 2 potions of heal wounds for 160 gold pieces
 47873 | Depths:4 | Noticed a juggernaut
 47884 | Depths:4 | Killed a juggernaut
 47884 | Depths:4 | Received a gift from Okawaru
 47898 | Depths:4 | Reached skill level 27 in Maces & Flails
 47969 | Depths:4 | Found Getuun's Assorted Antiques.
 47990 | Depths:4 | Lost mutation: You are weak. (Str -2) [potion of mutation]
 47990 | Depths:4 | Lost mutation: You occasionally lose the ability to drink
                  | potions when taking damage. [potion of mutation]
 47990 | Depths:4 | Gained mutation: You are very agile. (Dex +8, Str/Int -2)
                  | [potion of mutation]
 47990 | Depths:4 | Gained mutation: You have hidden genetic potential. [potion
                  | of mutation]
 48074 | Depths:4 | Found a runed translucent door.
 48468 | Depths:4 | Paralysed by a floating eye for 2 turns
 48492 | Depths:4 | Found Ollige's Armour Shop.
 48725 | Depths:4 | Identified the +3 kite shield "Nuheh" {Fly Regen+} (Okawaru
                  | gifted it to you on level 4 of the Depths)
 48725 | Depths:4 | Received a gift from Okawaru
 48739 | Depths:4 | Reached skill level 10 in Invocations
 48865 | Depths:4 | Identified the +6 battleaxe of Xom's Benevolence {heavy,
                  | *Slow rN++ Will+++ Dex-2}
 48916 | Depths:4 | Found a gate to the Realm of Zot.
 48951 | Zot:1    | Entered Level 1 of the Realm of Zot
 49944 | Zot:1    | Reached XP level 26. HP: 266/266 MP: 30/30
 50345 | Zot:2    | Reached skill level 15 in Dodging
 50581 | Zot:2    | Noticed Parghit
 50596 | Zot:2    | Killed Parghit
 50714 | Zot:2    | Identified the +5 flail "Killer Klown's Doom" {venom, rF+
                  | MP+9 Stlth+} (Okawaru gifted it to you on level 2 of the
                  | Realm of Zot)
 50714 | Zot:2    | Received a gift from Okawaru
 50926 | Zot:2    | Found a transporter.
 50938 | Zot:2    | Identified the ring "Zegu Alai" {rElec rC- EV+5 Int+2}
 50979 | Zot:2    | Noticed an orb of fire
 50991 | Zot:2    | Killed an orb of fire
 51020 | Zot:2    | Gained mutation: You are mostly covered in iridescent
                  | scales. (AC +4) [hidden potential]
 51068 | Zot:2    | Found a transporter.
 51603 | Zot:5    | Entered Level 5 of the Realm of Zot
 51674 | Zot:5    | Received a gift from Okawaru
 52018 | Zot:5    | Noticed a dread lich
 52019 | Zot:5    | Noticed a dread lich
 52028 | Zot:5    | Killed a dread lich
 52037 | Zot:5    | Killed a dread lich
 52052 | Zot:5    | Noticed an orb of fire
 52053 | Zot:5    | Gained mutation: You are frail. (-10% HP) [an orb of fire]
 52053 | Zot:5    | Gained mutation: You are occasionally teleported next to
                  | monsters. [an orb of fire]
 52054 | Zot:5    | Noticed a dread lich
 52062 | Zot:5    | Gained mutation: You occasionally lose the ability to drink
                  | potions when taking damage. [an orb of fire]
 52065 | Zot:5    | Gained mutation: Your body sometimes deteriorates upon
                  | taking damage. [an orb of fire]
 52070 | Zot:5    | Gained mutation: You occasionally lose the ability to read
                  | scrolls when taking damage. [an orb of fire]
 52084 | Zot:5    | Gained mutation: Your natural rate of healing is unusually
                  | fast. [an orb of fire]
 52086 | Zot:5    | Gained mutation: Your spells are a little easier to cast,
                  | but a little less powerful. [an orb of fire]
 52087 | Zot:5    | Killed a dread lich
 52091 | Zot:5    | Identified the +2 pair of boots of the Maze {-Cast rC+ rN+
                  | SInv} (Okawaru gifted it to you on level 5 of the Realm of
                  | Zot)
 52091 | Zot:5    | Received a gift from Okawaru
 52097 | Zot:5    | Gained mutation: Potions are less effective at restoring
                  | your health. [an orb of fire]
 52101 | Zot:5    | Killed an orb of fire
 52205 | Zot:5    | Got the Orb of Zot
 52229 | Zot:5    | Noticed Ziceemo the pandemonium lord
 52758 | D:11     | Noticed a seraph
 52802 | D:10     | Killed a seraph
 52957 | D:6      | Reached XP level 27. HP: 245/245 MP: 30/32
 53211 | D:$      | Escaped with the Orb!

Illustrated notes

Levels and vault maps discovered:
D:1:      nagdon_arrival_double_spiral, layout_loops_ring,
          shapermc_ecumenical_altar_acropolis, serial_aquarium,
          aquarium_bridge_square [aquarium_subvault_window,
          aquarium_subvault_bridge, aquarium_subvault_window,
          aquarium_subvault_wall], aquarium_window_double, aquarium_window_1,
          aquarium_window_1, aquarium_view_2d, aquarium_pool_side
D:2:      layout_rooms
D:3:      layout_loops_ring, minivault_23, uniq_jessica
D:4:      layout_cave_pools, chei_slow_surprise, serial_glass, glass_columns_a,
          glass_columns_a, glass_columns_a, glass_columns_b, glass_columns_a,
          glass_columns_a, serial_shops, shop, nicolae_shop_stone,
          nicolae_shop_rolling_square, nicolae_shop_peninsula
D:5:      minmay_bubble_buster, layout_loops_ring,
          nicolae_overflow_hidden_temple, nicolae_kikubaaqudgha_miasma_corner,
          serial_shops, nicolae_diamond_shop, uniq_sigmund, uniq_prince_ribbit1
D:6:      minmay_skewed_foursquare, layout_loops_corners,
          minmay_temple_entry_arrows, kennysheep_minor_cross
D:7:      layout_basic, nicolae_yredelemnul_ghost_church
D:8:      layout_loops_cross, mainiacjoe_overflow_catwalk, serial_shops, shop,
          enter_bailey_3
D:9:      layout_roguey, uniq_erolcha
D:10:     layout_roguey, grunt_temple_overflow_order_and_chaos_1,
          kennysheep_mini_moat, kennysheep_little_box, erik_lair_dragon,
          dreamdust_gnoll_shepherd, uniq_harold, uniq_gastronok
D:11:     layout_cave_pods, portal_ice_cave_rime, uniq_grum, uniq_sonja,
          uniq_erica
D:12:     layout_cave_pools, minmay_orc_entry_temple_large, lemuel_old_faithful
D:13:     layout_loops_ring, serial_shops, nicolae_shop_tiny_real_fake_doors,
          serial_bayou_lake_a
D:14:     layout_roguey, david_vaults_3, serial_shops, shop, uniq_frances
D:15:     hangedman_depths_entry_civil_slaughter, layout_loops_ring,
          lemuel_blue_sif_altar, fake_guardian_serpent_vault
Lair:1:   hellmonk_ruined_rings, layout_gridlike, st_stairs_10
Lair:2:   layout_gridlike, nicolae_spider_entry_tight_spaces, basic_altar,
          beast_lair_carwin_11
Lair:3:   layout_big_grid, nicolae_shoals_entry_roost,
          eino_small_chamber_without_monster
Lair:4:   layout_loops_ring, minmay_slime_entry_pillars
Lair:5:   gammafunk_lair_ancient_temple, layout_long_grid
Shoals:1: layout_shoals
Shoals:2: layout_shoals, uniq_kirke, uniq_ilsuiw
Shoals:3: layout_shoals
Shoals:4: shoals_end_simple, layout_shoals, nicolae_shoals_kraken_party,
          uniq_mlioglotl
Spider:1: layout_cave_pods, nicolae_spider_solar_radiation
Spider:2: layout_cave_pods
Spider:3: nicolae_spider_brood_tunnel
Spider:4: spider_rune_water, drop_trap, hangedman_spider_tarantella_strand,
          uniq_louise
Orc:1:    layout_caves, serial_shops, shop, nicolae_shop_gadgets
Orc:2:    st_orc_rangers, layout_diamond_mine, serial_shops, shop,
          kennysheep_orc_chapel, uniq_urug, uniq_maurice
Elf:1:    eino_elf_arrival_customs, layout_loops_corners, basic_altar,
          kennysheep_underground_church
Elf:2:    elven_hall_of_blades_hangedman_original [grunt_blade_entry_basic],
          layout_geoelf_diagonals, serial_shops, shop, grunt_ministairs_15,
          nicolae_concentric_dashed_squares_mild, columned_hall_lemuel
Elf:3:    minmay_elf_hall_not_hex, layout_geoelf_diagonals,
          ebering_ghost_reflecting_pool, serial_shops,
          nicolae_shop_behind_doors, nicolae_shop_stone, shop,
          hangedman_elven_ridges, minmay_shop_star
Vaults:1: nicolae_vaults_whirlpool_walls, nicolae_vaults_closet_pinwheel_6,
          dpeg_vaults_monster_box, hangedman_vaults_stagger,
          hangedman_vaults_maws, nicolae_vaults_ninety_degrees, v_alt_pattern_3,
          nicolae_vaults_apartment_1, v_misc_26,
          hangedman_vaults_stretched_pinwheel, nicolae_vaults_trapezoid_1,
          nicolae_vaults_house_3, layout_vaults_big_room
Vaults:2: ontoclasm_vaults_ligature, vaults_dpeg_emergency_exit,
          vaults_standard_mumra_lines, st_more_cells, nicolae_vaults_diamond_1,
          nicolae_vaults_double_plus_2, v_misc_5, ontoclasm_vaults_misaligned,
          nicolae_vaults_ring_of_whatevers, ontoclasm_vaults_shuriken,
          hangedman_vaults_corner, minmay_crypt_entry_nasty_monster,
          layout_vaults_omnigrid
Vaults:3: ontoclasm_vaults_misaligned, vaults_mumra_minichess_inversion,
          vaults_mumra_hex, nicolae_vaults_taking_the_gang_shopping,
          nicolae_vaults_double_plus_1, v_misc_2,
          nicolae_vaults_door_testing_chamber, nicolae_vaults_tetromino_T_2,
          nicolae_vaults_crenellated_ambush, hangedman_vaults_variations,
          ontoclasm_vaults_loading_screen, nicolae_vaults_trapezoid_2,
          nicolae_vaults_offset_grid_hallway_1, layout_vaults_ring
Vaults:4: vaults_mumra_chevron, v_rooms_1, hangedman_vaults_hat,
          nicolae_vaults_network_s, nicolae_vaults_specimen_jars,
          nicolae_vaults_prndl, nicolae_vaults_trapezoid_lopsided_2,
          nicolae_vaults_sightless_eye, vaults_room_door_hall,
          vaults_room_corners, layout_vaults_big_cross, uniq_margery
Vaults:5: serial_shops
Depths:1: layout_cave_shapes, enter_ziggurat_a, abyss_entry,
          lightli_enter_wizlab_magi_temple, hell_entry,
          nicolae_BIG_FREAKIN_CUBE, minmay_misc_feat_pillars,
          minmay_pinched_square
Depths:2: minmay_complete_graph, layout_honeycomb, grunt_pan_entry_in_and_out,
          serial_sigils, serial_sigils_hangedman_stare,
          serial_sigils_hangedman_gnaw, serial_sigils_hangedman_shear,
          serial_sigils_hangedman_carve, pf_coc_iceberg,
          infiniplex_staircase_pillars_1
Depths:3: minmay_central_circle, layout_gridlike, rand_demon_pan_entry_8,
          hell_entry, abyss_entry, hangedman_decor_lopped,
          chequers_decorated_corner, minivault_11, minmay_crystal_box, uniq_jory
Depths:4: lemuel_castle_with_subvaults [lemuel_castle_interior_carwin_2],
          layout_twisted_cross, nicolae_dithmenos_the_darkroom, pan_entry,
          hell_entry, serial_shops, shop, shop, nicolae_shop_statue_plus,
          reono_crystal_passage, minmay_hidden_floor, serial_bayou_shore_b
Zot:1:    layout_onion, st_stairs_1, nicolae_lava_and_water, skrybe_zot_glass_3,
          grunt_megastairs_4
Zot:2:    gammafunk_the_bubble [the_bubble_gammafunk_grid],
          layout_concentric_octagons, zot_minivault_6, uniq_parghit
Zot:3:    layout_onion_interference, grunt_megastairs_1
Zot:4:    layout_misc_corridors, hangedman_zot_wheel_spokes,
          nicolae_zot_crop_circle
Zot:5:    layout_misc_corridors

Skill      XL: |  1  2  3  4  5  6  7  8  9 10 11 12 13 14 15 16 17 18 19 20 21 22 23 24 25 26 |
---------------+-------------------------------------------------------------------------------+-----
Maces & Flails | 3 4 5 6 7 8 9 11 13 14 15 16 18 19 20 21 23 26 27 | 27.0
Armour         | 4 5 7 9 11 12 13 15 17 18 19 20 21 22 24 25 | 25.0
Fighting       | 4 6 7 8 10 12 15 17 18 20 21 23 24 25 26 27 | 27.0
Shields        | 4 5 6 9 12 13 16 19 21 23 | 23.6
Dodging        | 1 2 3 4 5 6 7 9 11 14 18 | 18.4
Invocations    | 1 4 6 7 8 11 14 | 14.7
Throwing       | 3 |  3.7

Action                     |  1- 3 |  4- 6 |  7- 9 | 10-12 | 13-15 | 16-18 | 19-21 | 22-24 | 25-27 || total
---------------------------+-------+-------+-------+-------+-------+-------+-------+-------+-------++-------
  Melee: Flail             |    90 |   154 |   229 |   521 |   670 |       |       |       |       ||  1664
         Headbutt          |     7 |    28 |    48 |   176 |   255 |   157 |   681 |   745 |   540 ||  2637
         Morningstar       |       |       |       |   179 |    30 |       |       |       |       ||   209
         Dire flail        |       |       |       |       |   158 |       |       |       |       ||   158
         Demon whip        |       |       |       |       |    77 |   461 |  1933 |  1084 |  1284 ||  4839
         Eveningstar       |       |       |       |       |       |       |    47 |   939 |    16 ||  1002
         Punch             |       |       |       |       |       |       |       |     2 |       ||     2
  Throw: Dart              |       |     1 |       |       |       |       |     1 |       |       ||     2
 Invoke: Heroism           |       |       |     1 |     5 |     2 |       |       |     5 |     8 ||    21
         Finesse           |       |       |       |       |       |       |     2 |     5 |     9 ||    16
  Evoke: Wand              |       |       |       |       |       |       |       |     1 |       ||     1
    Use: Scroll            |       |     5 |     6 |    12 |    13 |     8 |    16 |     9 |    10 ||    79
         Potion            |       |     1 |       |       |     3 |     5 |     4 |     1 |    17 ||    31
   Stab: Distracted        |       |       |       |       |     1 |       |       |       |       ||     1
         Held in net/web   |       |       |       |       |       |       |     2 |       |       ||     2
 Armour: Scale mail        |    38 |     9 |       |       |       |       |       |       |       ||    47
         Plate armour      |       |    75 |   111 |   217 |   393 |   184 |   591 |    16 |       ||  1587
         Chain mail        |       |       |       |       |       |       |       |   435 |   314 ||   749
  Dodge: Dodged            |    32 |    42 |    49 |   103 |   264 |   146 |   440 |   757 |   844 ||  2677
  Block: Buckler           |    23 |    23 |    51 |    11 |       |       |       |       |       ||   108
         Tower shield      |       |       |       |   568 |   154 |       |       |   405 |       ||  1127
         Kite shield       |       |       |       |       |   538 |   318 |  1371 |  1366 |  1239 ||  4832
         Other             |       |       |       |       |       |       |       |     5 |       ||     5
